 Dungeon Crawl Stone Soup version 0.31-a0-744-gbc345e7fcb (webtiles) character file.

Game seed: 12782147399453584156

26 Bravepunisher the Ducker (level 2, -3/16 HPs)
             Began as a Spriggan Monk on Sept 13, 2023.
             Slain by an orc
             ... wielding a +0 flail
              (7 damage)
             ... on level 4 of the Dungeon.
             The game lasted 00:04:22 (1236 turns).

Bravepunisher the Ducker (Spriggan Monk)            Turns: 1236, Time: 00:04:23

Health: -3/16      AC:  3    Str:  7    XL:     2   Next: 89%
Magic:  3/3        EV: 19    Int: 11    God:
Gold:   64         SH:  0    Dex: 17    Spells: 1/1 levels left

rFire   . . .        a - +0 short sword
rCold   . . .        d - orb {light}
rNeg    . . .        b - +0 robe
rPois   .            (helmet restricted)
rElec   .            e - +0 cloak
rCorr   .            (gloves unavailable)
SInv    +            (boots unavailable)
Will    .....        (no amulet)
Stlth   +            (no ring)
HPRegen 0.22/turn    (no ring)
MPRegen 0.08/turn

%: no passive effects
@: glowing, very quick
A: very small, no large weapons, unfitting armour, see invisible, speed 3
a: no special abilities


You were on level 4 of the Dungeon.
You visited 1 branch of the dungeon, and saw 6 of its levels.

You collected 64 gold pieces.

Inventory:

Hand Weapons
 a - a +0 short sword (weapon)
Armour
 b - a +0 robe (worn)
 d - an orb of light (worn)
 e - a +0 cloak (worn)
Jewellery
 j - a ring of magical power
Potions
 c - a potion of ambrosia
 f - 2 potions of curing {unknown}
 h - a potion of haste {unknown}


   Skills:
 * Level 3.1 Fighting
 - Level 3.2 Short Blades
 + Level 4.5 Dodging


You had one spell level left.
You didn't know any spells.
Your spell library was empty.

Dungeon Overview and Level Annotations

Branches:
Dungeon (6/15)
 Temple: D:4-7

Altars:

Annotations:
D:6 Edmund, Jeremiah


Innate Abilities, Weirdness & Mutations

You are very small and have problems with some larger weapons.
You are too small for most types of armour.
You have supernaturally acute eyesight. (SInv)
You cover ground extremely quickly. (Speed+++)


Message History

The kobold hits you with a +0 dagger.
Found a blackened iron wand.
The kobold attacks as it pursues you! The kobold misses you.
Found a leather armour.
You see here a wand of quicksilver (8).
You barely miss the kobold. The kobold barely misses you.
You hit the kobold.
The kobold is heavily wounded.
You hit the kobold but do no damage.
The kobold is heavily wounded.
The kobold closely misses you.
You hit the kobold.
You kill the kobold!
The orc hits you with a +0 flail!
Ouch! That really hurt!
Things that are here:
a +0 dagger; a kobold corpse The orc barely misses you.
The orc hits you with a +0 club.
* * * LOW HITPOINT WARNING * * *
You hit the orc.
The orc is moderately wounded.
The orc closely misses you.
You hit the orc.
The orc is almost dead.
The orc misses you. x2
You barely miss the orc.
The orc is almost dead.
The orc hits you but does no damage. The orc barely misses you.
The orc misses you.
You hit the orc.
You kill the orc!
The orc completely misses you. x2
The orc hits you with a +0 flail.
* * * LOW HITPOINT WARNING * * *
The iguana misses you. The orc misses you.
Things that are here:
a +0 dagger; an orc corpse You hit the iguana but do no damage.
The iguana barely misses you. The orc hits you with a +0 flail!
You die...

####### #.....#
#.....# #.....#
#.....# #....#######
#....##....##
#.....o.....#
#.....$@o)..#
#...###l##.###
#...###.##./.#
#.......#....#
#.......#....# ....#
#.......#[...# #....#
#.o.....#....# #....#
#...##..#########..$!#
#...##..######.#.....#


You could see an iguana and 2 orcs.

Vanquished Creatures
  An adder (D:5)
  A dart slug (D:2)
  An orc (D:4)
  4 ball pythons
  A hobgoblin (D:2)
  3 kobolds
  A frilled lizard (D:2)
  2 rats (D:2)
14 creatures vanquished.

Notes
Turn   | Place    | Note
-------+----------+-------------------------------------------
     0 | D:1      | Bravepunisher the Spriggan Monk began the quest for the
                  | Orb.
     0 | D:1      | Reached XP level 1. HP: 11/11 MP: 2/2
    94 | D:2      | Reached XP level 2. HP: 14/16 MP: 3/3
   245 | D:2      | Found a faded altar of an unknown god.
   431 | D:5      | Entered Level 5 of the Dungeon
   725 | D:6      | Noticed an ogre
   746 | D:6      | Identified the +1 leather armour "Ricumu" {Will+ Dex+6}
   821 | D:6      | Noticed Edmund
   855 | D:6      | Noticed Jeremiah
   855 | D:6      | Noticed a wight
   925 | D:4      | Noticed a howler monkey
  1026 | D:4      | Noticed a black bear
  1236 | D:4      | Slain by an orc

Illustrated notes

Levels and vault maps discovered:
D:1:      eino_arrival_druids_welcome, layout_basic, serial_shops, shop,
          nicolae_shop_crystal, nicolae_shop_back_alley_shop,
          nicolae_diamond_shop, shop, minmay_3d_cube
D:2:      layout_loops_cross, shapermc_ecumenical_altar_gd,
          serial_bayou_crossing
D:3:      layout_loops_ring, serial_shops, shop, uniq_crazy_yiuf_cottage,
          uniq_terence
D:4:      layout_gridville, uniq_grinder
D:5:      layout_loops_cross
D:6:      layout_basic, uniq_edmund, uniq_jeremiah, uniq_pikel

Skill      XL: |  1  2 |
---------------+-------+-----
Fighting       | 3 |  3.1
Short Blades   | |  3.2
Dodging        | |  4.5

Action                     || total
---------------------------++-------
  Melee: Short sword       ||    64
    Use: Scroll            ||     3
   Stab: Distracted        ||     1
 Armour: Robe              ||    26
  Dodge: Dodged            ||    74

Table legend: (Time is in decaauts)
 A = Elapsed time spent in this place.
 B = Non-inter-level travel time spent in this place.
 C = Inter-level travel time spent in this place.
 D = Time resting spent in this place.
 E = Time spent auto-exploring this place.
 F = Levels seen in this place.
 G = Mean time per level.
                   A        B        C        D        E       F      G
               +--------+--------+--------+--------+--------+-----+--------+
         Total |    808 |    808 |      0 |     22 |    373 |   6 |  134.7 |
       Dungeon |    808 |    808 |      0 |     22 |    373 |   6 |  134.7 |
               +--------+--------+--------+--------+--------+-----+--------+

Top non-repeatable levels by time:
     D:5: 295 daAuts
     D:2: 229 daAuts
     D:4: 188 daAuts
     D:6: 64 daAuts
     D:3: 18 daAuts
     D:1: 11 daAuts
